 Dungeon Crawl Stone Soup version 0.21-a0-496-g696f58f (console) character file.

326 hexaflexagon the Cudgeler (level 6, 0/42 HPs)
             Began as an Octopode Monk on Nov 23, 2017.
             Slain by an orc (1 damage)
             ... on level 4 of the Dungeon.
             The game lasted 00:04:55 (3615 turns).

hexaflexagon the Cudgeler (Octopode Monk)           Turns: 3615, Time: 00:04:56

Health: 0/42       AC:  1    Str: 10    XL:     6   Next: 49%
Magic:  9/9        EV: 14    Int: 12    God:
Gold:   161        SH:  0    Dex: 17    Spells: 5/5 levels left

rFire    . . .     SeeInvis .   b - +0 hand axe (elec)
rCold    . . .     Gourm    .   (no shield)
rNeg     . . .     Faith    .   (helmet restricted)
rPois    .         Spirit   .   (no amulet)
rElec    .         Reflect  .   (no ring)
rCorr    .         Harm     .   (no ring)
MR       .....                  (no ring)
Stlth    +++.......             (no ring)
HPRegen  0.14/turn              (no ring)
MPRegen  0.11/turn              (no ring)
                                (no ring)
                                (no ring)

@: flying
A: almost no armour, stealthy swim, amphibious, 8 rings, constrict 8, camouflage
1, gelatinous body 1
a: no special abilities


You were on level 4 of the Dungeon.
You were not hungry.

You visited 1 branch of the dungeon, and saw 4 of its levels.

You collected 161 gold pieces.

Inventory:

Hand Weapons
 a - a +0 mace
 b - a +0 hand axe of electrocution (weapon)
Armour
 q - a +0 shield
Wands
 c - a wand of paralysis (8)
Scrolls
 d - a scroll of fear {unknown}
 e - a scroll of amnesia {unknown}
 f - a scroll of remove curse
 g - 3 scrolls of identify
 i - 2 scrolls of teleportation
 j - a scroll of random uselessness {unknown}
 o - a scroll of enchant armour {unknown}
 p - 2 scrolls of enchant weapon {unknown}
Potions
 h - a potion of lignification
 n - a potion of ambrosia
Comestibles
 k - 2 meat rations
 l - 2 royal jellies
 m - a chunk of flesh
 r - 5 bread rations


   Skills:
 - Level 3.0 Fighting
 + Level 5.8 Maces & Flails
 - Level 3.0 Dodging
 - Level 2.6 Stealth
 + Level 4.1 Evocations


You had 5 spell levels left.
You didn't know any spells.

Dungeon Overview and Level Annotations

Branches:
Dungeon (4/15)
 Temple: D:4-7

Altars:

Annotations:
D:3 Grinder
D:4 exclusion: slave, Eustachio


Innate Abilities, Weirdness & Mutations

You cannot wear most types of armour.
You are very stealthy in the water. (Stealth+)
You are amphibious.
You can wear up to eight rings at the same time.
You can use your tentacles to constrict eight enemies at once.
Your skin changes colour to match your surroundings (Stealth+).
Your rubbery body absorbs attacks. (AC +1, EV +1)


Message History

You kill the frilled lizard!
The orc moves out of view.
The orc priest calls down the wrath of Beogh upon you.
Beogh smites you!
The orc wizard gestures at you while chanting.
The magic dart hits you!
Things that are here:
a dagger; a robe; an orc corpse You closely miss the orc priest.
You grab the orc priest. You squeeze the orc priest.
The orc priest is moderately wounded.
You constrict the orc priest. The orc priest misses you.
It was a potion of flight.
You feel very buoyant.
You fly up into the air.
You constrict the orc priest.
The orc priest invokes the aid of Beogh against you.
Beogh smites you!
* * * LOW HITPOINT WARNING * * *
The orc hits you.
You die...

# ......# #.
.>....# . ).$.<.#
#. o.....#
.##o.... #......#
#.#..#.# ###
#####.#o##.# #..
.......o@o.# #.#
#####.#.#### #.#
#.#.#
##.########.#.#
#.............#
#...........###
####.##...........
..............####
.....##########


You could see an orc priest, an orc wizard and an orc.

Vanquished Creatures
  6 orc wizards
  A worker ant (D:4)
  Robin (D:3)
  3 adders (D:2)
  An adder skeleton (D:4)
  3 worms
  A dart slug (D:1)
  7 orcs
  10 bats
  2 giant cockroaches
  15 goblins
  7 hobgoblins
  6 jackals
  2 ball pythons
  3 frilled lizards
  3 kobolds
  21 rats
92 creatures vanquished.

Notes
Turn   | Place    | Note
-------+----------+-------------------------------------------
     0 | D:1      | hexaflexagon the Octopode Monk began the quest for the Orb.
     0 | D:1      | Reached XP level 1. HP: 16/16 MP: 1/1
    56 | D:1      | Reached XP level 2. HP: 12/21 MP: 2/2
   400 | D:1      | Reached skill level 4 in Maces & Flails
   759 | D:2      | Found a faded altar of an unknown god.
   822 | D:2      | Reached XP level 3. HP: 26/26 MP: 3/3
   884 | D:2      | Reached skill level 1 in Evocations
   960 | D:2      | Reached XP level 4. HP: 27/31 MP: 3/5
  2485 | D:3      | Reached XP level 5. HP: 23/36 MP: 6/6
  2494 | D:3      | Reached skill level 5 in Maces & Flails
  2603 | D:3      | Noticed Grinder
  2754 | D:3      | Noticed Robin
  2767 | D:3      | Killed Robin
  3287 | D:4      | Reached XP level 6. HP: 27/42 MP: 8/8
  3494 | D:4      | Noticed Eustachio
  3569 | D:4      | Noticed a slave
  3569 | D:4      | Noticed a slave
  3615 | D:4      | HP: 1/42 [orc priest/divine providence (15)]
  3615 | D:4      | Slain by an orc

Vault maps used:
D:1:      dpeg_arrival_pits, minivault_14, minmay_tetromino_o4
D:2:      chequers_ecumenical_altar_island, first_bread, minmay_rat_gold_closets
D:3:      uniq_grinder, uniq_robin
D:4:      grunt_temple_overflow_open, nicolae_qazlal_eye_of_the_storm,
          uniq_crazy_yiuf_cottage, uniq_eustachio, uniq_pikel

Skill      XL: |  1  2  3  4  5  6 |
---------------+-------------------+-----
Maces & Flails | 4 5 |  5.8
Evocations     | 1 2 3 4 |  4.1
Fighting       | |  3.0
Dodging        | |  3.0
Stealth        | |  2.6

Action                   |  1- 3 |  4- 6 || total
-------------------------+-------+-------++-------
Melee: Mace              |    55 |   105 ||   160
       Constrict         |    17 |    35 ||    52
       Tentacles         |     9 |    24 ||    33
       Hand axe          |       |    23 ||    23
  Use: Scroll            |       |     4 ||     4
       Potion            |       |     1 ||     1
 Stab: Sleeping          |     7 |    15 ||    22
  Eat: Chunk             |       |     9 ||     9
Armor: Skin              |     9 |     8 ||    17
Dodge: Dodged            |    54 |    79 ||   133

Table legend:
 A = Spawn XP
 B = Non-spawn XP
 C = Spawn XP percentage of total XP
 D = Spawn monster count
 E = Non-spawn monster count
 F = Spawn count percentage of total count
 G = Total turns spent on level
                    A         B        C        D         E        F      G
               +---------+---------+-------+---------+---------+-------+---------
         Total |       0 |     467 |   0.0 |       0 |      92 |   0.0 |  3615
               +---------+---------+-------+---------+---------+-------+---------
           D:1 |       0 |      31 |   0.0 |       0 |      21 |   0.0 |   756
           D:2 |       0 |      92 |   0.0 |       0 |      34 |   0.0 |  1325
           D:3 |       0 |     135 |   0.0 |       0 |      26 |   0.0 |  1175
           D:4 |       0 |     209 |   0.0 |       0 |      11 |   0.0 |   359
               +---------+---------+-------+---------+---------+-------+---------
